 Dungeon Sprint DCSS version 0.18.1-50-g88ac8fd (webtiles) character file.

338 Kagutsuchi the Fighter (level 6, -1/59 (63) HPs)
             Began as a Draconian Berserker on Oct 21, 2016.
             Was a Follower of Trog.
             Killed from afar by a lava snake (22 damage)
             ... with a glob of lava
             ... in the Dungeon (Sprint II: "The Violet Keep of Menkaure").
             The game lasted 00:00:25 (46 turns).

Kagutsuchi the Fighter (Draconian Berserker)          Turns: 46, Time: 00:00:25

HP:   -1/59 (63)    AC:  6    Str: 20    XL:     6   Next: 29%
MP:   6/6           EV: 16    Int:  7    God:    Trog [*.....]
Gold: 243           SH:  0    Dex: 12    Spells: 0 memorised, 5 levels left

rFire  . . .     SeeInvis .     a - +0 falchion
rCold  . . .     Gourm    .     (armour unavailable)
rNeg   . . .     Faith    .     (no shield)
rPois  .         Spirit   .     (helmet restricted)
rElec  .         Dismiss  .     (no cloak)
rCorr  .         Reflect  .     (no gloves)
SustAt .         Harm     .     (no boots)
MR     .....     NoTele   +     (no amulet)
Stlth  +.........               (no ring)
                                (no ring)

@: exhausted, non-regenerating, mildly diseased, slowed, very slow, not
resistant to hostile enchantments, very unstealthy
A: unfitting armour, cold-blooded, AC +6
a: Berserk, Burn Spellbooks, Renounce Religion


You were in the Dungeon.
You worshipped Trog.
Trog was aware of your devotion.
You were not hungry.

You visited 1 branch You collected 243 gold pieces.

Inventory:

Hand Weapons
 a - a +0 falchion (weapon)
Scrolls
 h - a scroll of blinking
Potions
 c - a potion of curing
 d - a potion of heal wounds
 e - a potion of haste
 f - 2 potions of magic
 g - a potion of berserk rage
Comestibles
 b - a bread ration


   Skills:
 + Level 9.0 Fighting
 + Level 8.3 Long Blades
 + Level 7.8 Dodging


You had 5 spell levels left.
You didn't know any spells.

Dungeon Overview and Level Annotations

Branches:
Dungeon (1/1)

Altars:


Innate Abilities, Weirdness & Mutations

Your plain brown scales are hard (AC +6).
Your body does not fit into most forms of armour.
You are cold-blooded and may be slowed by cold attacks.


Message History

The necrophage closely misses you. The necrophage hits you.
You closely miss the necrophage. You tail-slap the necrophage.
You destroy the necrophage!
Your Fighting skill increases to level 9!
Your Long Blades skill increases to level 8!
You have reached level 6!
Your experience leads to an increase in your attributes!
Increase (S)trength, (I)ntelligence, or (D)exterity?
You feel agile.
Your scales feel tougher.
There is an open door here.
You see here a necrophage corpse.
You now have 243 gold pieces.
You see here a necrophage corpse.
You see here a necrophage corpse.
You open the door. 2 lava snakes come into view.
The lava snake hisses angrily. x2
The lava snake spits lava at you. The glob of lava hits you!
You die...

§§§≈§##
§§§§§§#
§§SS§#
S§§§#
#§§'# .§§
##'##
##@#.##
#..#..# #
##†††#
##. ##†##
#$B.##.##
#+.<.+
#.B.##.##
##. #+# #


You could see 3 lava snakes.

Vanquished Creatures
  4 necrophages (D)
4 creatures vanquished.

Vanquished Creatures (others)
  Menkaure (D)
  A crocodile (D)
2 creatures vanquished.

Grand Total: 6 creatures vanquished

Notes
Turn   | Place    | Note
--------------------------------------------------------------
     0 | D        | Kagutsuchi the Draconian Berserker began the quest for the Orb.
     0 | D        | Reached XP level 1. HP: 19/19 MP: 1/1
     1 | D        | Noticed a boulder beetle
     1 | D        | Noticed a boulder beetle
     3 | D        | Killed a crocodile
     5 | D        | Noticed a necrophage
     5 | D        | Noticed a necrophage
     5 | D        | Noticed a necrophage
     5 | D        | Noticed a necrophage
    11 | D        | Killed a necrophage
    11 | D        | Reached skill level 6 in Fighting
    11 | D        | Reached skill level 5 in Long Blades
    11 | D        | Reached skill level 5 in Dodging
    11 | D        | Reached XP level 2. HP: 30/30 MP: 2/2
    11 | D        | Reached XP level 3. HP: 37/37 MP: 3/3
    11 | D        | Reached XP level 4. HP: 44/44 MP: 4/4
    17 | D        | Killed a necrophage
    17 | D        | Reached skill level 7 in Fighting
    17 | D        | Reached XP level 5. HP: 53/53 MP: 5/5
    28 | D        | Killed a necrophage
    28 | D        | Reached skill level 8 in Fighting
    31 | D        | Killed Menkaure
    37 | D        | Killed a necrophage
    37 | D        | Reached skill level 9 in Fighting
    37 | D        | Reached XP level 6. HP: 21/59 MP: 6/6
    46 | D        | Killed from afar by a lava snake

Skill      XL: |  1  2  3  4  5 |
---------------+----------------+-----
Fighting       | 6 7 9 |  9.0
Long Blades    | 5 6 8 |  8.3
Dodging        | 5 6 7 |  7.8

Action                   |  1- 3 |  4- 6 || total
-------------------------+-------+-------++-------
Melee: Falchion          |     5 |    24 ||    29
       Tailslap          |     1 |     4 ||     5
Invok: Berserk           |     1 |       ||     1
Armor: Skin              |       |     5 ||     5
Dodge: Dodged            |     2 |    31 ||    33
